 Dungeon Crawl Stone Soup version 0.28-a0-724-g66f9036eb4 (webtiles) character file.

Game seed: 16100389132776595336

0 meatgazer the Skirmisher (level 1, -5/18 HPs)
             Began as a Demonspawn Abyssal Knight on Oct 26, 2021.
             Was a Follower of Lugonu.
             Slain by an ancient zyme (7 damage)
             ... on level 1 of the Abyss.
             The game lasted 00:00:15 (42 turns).

meatgazer the Skirmisher (Demonspawn Abyssal Knight)  Turns: 42, Time: 00:00:16

Health: -5/18      AC:  3    Str: 13    XL:     1   Next: 0%
Magic:  2/2        EV: 11    Int: 11    God:    Lugonu [*.....]
Gold:   0          SH:  0    Dex: 13    Spells: 0/0 levels left

rFire   . . .      SeeInvis .   a - +1 falchion
rCold   . . .      Faith    .   (no shield)
rNeg    . . .      Spirit   .   b - +0 leather armour
rPois   .          Reflect  .   (no helmet)
rElec   .          Harm     .   (no cloak)
rCorr   .          Rampage  .   (no gloves)
Will    .....                   (no boots)
Stlth   +.........              (no amulet)
HPRegen 0.00/turn               (no ring)
MPRegen 0.08/turn               (no ring)

@: sick
A: no striking features
a: Renounce Religion, Depart the Abyss


You were on level 1 of the Abyss.
You worshipped Lugonu.
Lugonu was aware of your devotion.
You visited 0 branches of the dungeon, and saw 0 of its levels.
You visited the Abyss 1 time.

Inventory:

Hand Weapons
 a - a +1 falchion (weapon)
Armour
 b - a +0 leather armour (worn)


   Skills:
 + Level 3.0 Fighting
 + Level 1.7 Long Blades
 + Level 1.7 Armour
 + Level 0.8 Dodging
 + Level 2.4 Invocations


You couldn't memorise any spells.
You didn't know any spells.
Your spell library was empty.

Dungeon Overview and Level Annotations

Branches:
Dungeon (0/15)

Altars:


Message History

Welcome, meatgazer the Demonspawn Abyssal Knight.
Will you prevail where others failed? Will you find the Orb of Zot?
Lugonu says: Depart the Abyss and spread corruption, my servant! (use the ability menu to exit the Abyss) Press ? for a list of commands and other information.
Found a corrupted altar of Lugonu.
A tentacled starspawn comes into view.
Found a gateway leading out of the Abyss.
A tentacle flies out from the starspawn's body!
A starspawn tentacle comes into view.
A tentacle flies out from the starspawn's body!
A starspawn tentacle comes into view.
The ancient zyme closely misses you.
The ancient zyme hits you but does no damage.
You feel yourself growing ill in the presence of the ancient zyme.
You feel ill.
Found a gateway leading out of the Abyss.
You barely miss the ancient zyme. The ancient zyme closely misses you.
The ancient zyme hits you.
You hit the ancient zyme but do no damage.
The ancient zyme closely misses you. The ancient zyme hits you!
Ouch! That really hurt!
* * * LOW HITPOINT WARNING * * *
You closely miss the ancient zyme. The ancient zyme closely misses you.
The ancient zyme hits you.
* * * LOW HITPOINT WARNING * * *
You barely miss the ancient zyme.
A tentacle flies out from the starspawn's body!
The ancient zyme hits you!
You die...

# #. #.....
##.. #
#.#..#.# ...
# # #..
#...# #.
...#.X##.# .
.∩.
###.#..w.#
.#.#.# ##..
..##.....# #
..#.......#
##.#x.....#.
###@.##....#
#..## ..#.
#.##. #. ..#
.. ### #..
#.. .#. ..#


You could see a tentacled starspawn, an ancient zyme and a starspawn tentacle.

Vanquished Creatures (others)
  5 starspawn tentacles (Abyss:1)
5 creatures vanquished.

Notes
Turn   | Place    | Note
-------+----------+-------------------------------------------
     0 | Abyss:1  | meatgazer the Demonspawn Abyssal Knight began the quest for
                  | the Orb.
     0 | Abyss:1  | Reached XP level 1. HP: 18/18 MP: 2/2
     4 | Abyss:1  | Noticed a tentacled starspawn
    33 | Abyss:1  | Noticed an ancient zyme
    42 | Abyss:1  | Slain by an ancient zyme

Illustrated notes

Levels and vault maps discovered:
Abyss:1:  base: Temple, small_statue_intersection, base:
Temple

Action                   || total
-------------------------++-------
Melee: Falchion          ||     4
Armor: Leather armour    ||     1
Dodge: Dodged            ||     4

Table legend: (Time is in decaauts)
 A = Elapsed time spent in this place.
 B = Non-inter-level travel time spent in this place.
 C = Inter-level travel time spent in this place.
 D = Time resting spent in this place.
 E = Time spent auto-exploring this place.
 F = Levels seen in this place.
 G = Mean time per level.
                   A        B        C        D        E       F      G
               +--------+--------+--------+--------+--------+-----+--------+
         Total |     42 |     42 |      0 |      0 |      4 |   1 |   42.0 |
         Abyss |     42 |     42 |      0 |      0 |      4 |   1 |   42.0 |
               +--------+--------+--------+--------+--------+-----+--------+

Top non-repeatable levels by time:
 Abyss:1: 42 daAuts
